 Dungeon Crawl Stone Soup version 0.22.1-2-g9c5b331 (webtiles) character file.

35 redwoodhats the Ducker (level 3, -3/17 HPs)
             Began as a Felid Berserker on Dec 12, 2018.
             Was a Follower of Trog.
             Slain by Terence
             ... wielding a +0 mace
              (10 damage)
             ... on level 1 of the Dungeon.
             The game lasted 00:09:35 (2199 turns).

redwoodhats the Ducker (Felid Berserker)            Turns: 2199, Time: 00:09:37

Health: -3/17      AC:  1    Str: 13    XL:     3   Next: 17%
Magic:  4/4        EV: 19    Int:  8    God:    Trog [*.....]
Gold:   61         SH:  0    Dex: 16    Spells: 2/2 levels left
                                        Lives:  0   Deaths: 0

rFire    . . .     SeeInvis +     - Unarmed
rCold    . . .     Gourm    .   (shield unavailable)
rNeg     . . .     Faith    .   (armour unavailable)
rPois    .         Spirit   .   (helmet unavailable)
rElec    .         Reflect  .   (cloak unavailable)
rCorr    .         Harm     .   (gloves unavailable)
MR       .....                  (boots unavailable)
Stlth    ++........             (no amulet)
HPRegen  0.05/turn              (no ring)
MPRegen  0.09/turn              (no ring)

@: quick
A: very small, no armour, no weapons or thrown items, stealth, claws 1, fangs 3,
see invisible, carnivore, speed 1, shaggy fur 1, slow metabolism 1, sharp paws
a: Berserk, Renounce Religion


You were on level 1 of the Dungeon.
You worshipped Trog.
Trog was aware of your devotion.
You were not hungry.

You visited 1 branch of the dungeon, and saw 2 of its levels.

You collected 61 gold pieces.

Inventory:

Hand Weapons
 c - a +1 hand axe of flaming
 e - a +2 vampiric short sword
 g - a +2 short sword of venom
Wands
 b - a wand of enslavement (9)
Scrolls
 h - a scroll of identify
 i - a scroll of immolation
Comestibles
 a - 2 rations


   Skills:
 + Level 3.4 Fighting
 + Level 4.3 Dodging
 + Level 0.3 Stealth
 + Level 3.7 Unarmed Combat


You had 2 spell levels left.
You didn't know any spells.
Your spell library was empty.

Dungeon Overview and Level Annotations

Branches:
Dungeon (2/15)

Altars:

Annotations:
D:1 Terence


Innate Abilities, Weirdness & Mutations

You cannot wear armour.
You are incapable of wielding weapons or throwing items.
Your paws allow you to move quietly. (Stealth)
You have sharp claws.
You have razor-sharp teeth.
You have supernaturally acute eyesight. (SInv)
You are carnivorous and can eat meat at any time.
You cover ground quickly.
You are covered in fur. (AC +1)
You have a slow metabolism.
Your sharp claws are effective at attacking unaware monsters.


Message History

You scratch Terence but do no damage.
Terence is severely wounded.
Terence completely misses you.
You scratch Terence but do no damage. You bite Terence, but do no damage.
Terence is severely wounded.
You scratch Terence but do no damage. You bite Terence, but do no damage.
Terence is severely wounded.
Terence looks scornfully at you. Terence closely misses you.
You scratch Terence.
Terence is severely wounded.
Terence misses you.
You barely miss Terence.
Terence is severely wounded.
Terence hits you with a mace!
You closely miss Terence.
Terence is severely wounded.
Terence hits you with a mace!
Ouch! That really hurt!
You die...

..<# ####..#....#.# #.####.#
...#######.######.#########.#
...##.......................#
..###.#####.####..########### ..#
#.# #..# #..# .## #.# ##.# #..#
## #.# #.# #..# #.# #.###@.# #.#
#..##@.# ##'### ##.##..#
#....#####..#..#
#....##........###############
####....##.......................
......####.........#############.
####### #...............# #. #
#############...######.### #. #
#........# #............# #.


You could see Terence.

Vanquished Creatures
  An adder (D:2)
  An ooze (D:1)
  A leopard gecko (D:1)
  A ball python (D:1)
  A giant cockroach (D:1)
  3 goblins
  A hobgoblin (D:1)
  4 kobolds
  2 bats
  A frilled lizard (D:2)
  4 rats
20 creatures vanquished.

Vanquished Creatures (collateral kills)
  A goblin (D:2)
  A bat (D:2)
2 creatures vanquished.

Grand Total: 22 creatures vanquished

Notes
Turn   | Place    | Note
-------+----------+-------------------------------------------
     0 | D:1      | redwoodhats the Felid Berserker began the quest for the
                  | Orb.
     0 | D:1      | Reached XP level 1. HP: 10/10 MP: 2/2
   309 | D:1      | Reached XP level 2. HP: 14/14 MP: 3/3
  1370 | D:2      | Noticed Terence
  1395 | D:2      | Reached XP level 3. HP: 8/17 MP: 4/4
  2199 | D:1      | Slain by Terence

Action                   || total
-------------------------++-------
Melee: Unarmed           ||    71
       Bite              ||    11
       Punch             ||     1
Invok: Berserk           ||     1
Evoke: Wand              ||     2
  Use: Scroll            ||     2
       Potion            ||     2
 Stab: Sleeping          ||     1
  Eat: Ration            ||     1
Armor: Skin              ||     1
Dodge: Dodged            ||    67
